 Dungeon Sprint DCSS version 0.24-a0-420-g24607be9ce (webtiles) character file.

Game seed: 15719384304720342338

105214 wilfster70 the Slayer (level 15, -8/170 HPs)
             Began as a Minotaur Fighter on June 11, 2019.
             Was the Champion of Cheibriados.
             Mangled by a pearl dragon (12 damage)
             ... in the Dungeon (Sprint V: "Ziggurat Sprint").
             The game lasted 00:18:35 (2608 turns).

wilfster70 the Slayer (Minotaur Fighter)            Turns: 2608, Time: 00:18:37

Health: -8/170     AC: 44    Str: 46    XL:     15   Next: 94%
Magic:  10/32      EV: 24    Int: 31    God:    Cheibriados [******]
Gold:   0          SH: 41    Dex: 27    Spells: 38/43 levels left

rFire    + + .     SeeInvis +   a - +18 lance "Wyrmbane" {slay drac, rPois rF+ rC+ AC+3}
rCold    + . .     Gourm    .   b - +18 shield of the Gong {rElec rN+ MR+ EV-5}
rNeg     + . .     Faith    .   I - +17 plate armour of Eternity {rElec rPois Int+3}
rPois    +         Spirit   .   w - +2 hat of the Bruised Curses {+Inv rElec rC+ Stlth-}
rElec    +         Reflect  +   F - +2 cloak of the Thief {+Fog Slay-2 SInv Stlth+}
rCorr    .         Harm     .   (no gloves)
MR       ++++.     NoTele   +   p - +2 pair of boots of the Assassin {Detection Stab+ Stlth++}
Stlth    ..........             c - amulet "Yrudghigu" {Reflect *Corrode Str+5 SH+5 SInv}
HPRegen  0.38/turn              r - ring of Bodily Harmony {rPois rF+ MR++}
MPRegen  0.23/turn              G - ring of Zeniw {rC- Str+6 Int+3 Slay+2}

@: corroded, glowing, very slow
A: retaliatory headbutt, horns 2
a: Bend Time, Temporal Distortion, Slouch, Step From Time, Renounce Religion,
Evoke Fog, Evoke Invisibility


You were in the Dungeon.
You worshipped Cheibriados.
Cheibriados was exalted by your worship.
You were hungry.

You visited 1 branch

Inventory:

Hand Weapons
 a - the +18 lance "Wyrmbane" (weapon) {slay drac, rPois rF+ rC+ AC+3}
   (You found it in the Dungeon)

   It affects your AC (+3).
   It protects you from fire.
   It protects you from cold.
   It protects you from poison.
Armour
 b - the +18 shield of the Gong (worn) {rElec rN+ MR+ EV-5}
   (You found it in the Dungeon)

   It affects your evasion (-5).
   It insulates you from electricity.
   It protects you from negative energy.
   It affects your resistance to hostile enchantments.
 p - the +2 pair of boots of the Assassin (worn) {Detection Stab+ Stlth++}
   (You found it in the Dungeon)

   It makes you much more stealthy.
 w - the +2 hat of the Bruised Curses (worn) {+Inv rElec rC+ Stlth-}
   (You found it in the Dungeon)

   It protects you from cold.
   It insulates you from electricity.
   It lets you turn invisible.
   It makes you less stealthy.
 F - the +2 cloak of the Thief (worn) {+Fog Slay-2 SInv Stlth+}
   (You found it in the Dungeon)

   It affects your accuracy and damage with ranged weapons and melee attacks
   (-2).
   It lets you see invisible.
   It makes you more stealthy.
 I - the +17 plate armour of Eternity (worn) {rElec rPois Int+3}
   (You found it in the Dungeon)

   It affects your intelligence (+3).
   It insulates you from electricity.
   It protects you from poison.
Jewellery
 c - the amulet "Yrudghigu" (around neck) {Reflect *Corrode Str+5 SH+5 SInv}
   (You found it in the Dungeon)

   [amulet of reflection]

   It shields you and reflects attacks.
   It affects your strength (+5).
   It lets you see invisible.
   It may corrode you when you take damage.
   It affects your SH (+5).
 r - the ring of Bodily Harmony (left hand) {rPois rF+ MR++}
   (You found it in the Dungeon)

   [ring of protection from fire]

   It protects you from fire.
   It protects you from poison.
   It affects your resistance to hostile enchantments.
 G - the ring of Zeniw (right hand) {rC- Str+6 Int+3 Slay+2}
   (You found it in the Dungeon)

   [ring of intelligence]

   It affects your strength (+6).
   It affects your intelligence (+3).
   It affects your accuracy and damage with ranged weapons and melee attacks
   (+2).
   It makes you vulnerable to cold.
Wands
 s - a wand of disintegration (7)
 t - a wand of iceblast (7)
 u - a wand of acid (10)
Scrolls
 k - 4 scrolls of blinking
 l - 4 scrolls of enchant weapon
 n - 3 scrolls of brand weapon
 y - 4 scrolls of amnesia
 z - 8 scrolls of fog
 A - a scroll of holy word
 B - 5 scrolls of identify
 C - 5 scrolls of remove curse
 D - 2 scrolls of fear
Potions
 d - 7 potions of might
 e - 10 potions of curing
 g - 2 potions of heal wounds
 h - 2 potions of brilliance
 i - 5 potions of magic
 j - 2 potions of invisibility
 v - 4 potions of resistance
 x - 5 potions of agility
 H - a potion of lignification {unknown}
Miscellaneous
 m - 2 boxes of beasts
 o - a phial of floods
 q - a lamp of fire
 E - 3 phantom mirrors
Comestibles
 f - 6 rations


   Skills:
 * Level 25.4 Fighting
 - Level 12.1 Polearms
 - Level 20.0 Armour
 - Level 20.0 Dodging
 - Level 15.0 Shields
 + Level 14.6 Spellcasting
 + Level 6.2 Hexes
 + Level 6.8 Air Magic
 - Level 9.6 Invocations
 - Level 10.0 Evocations


You had 38 spell levels left.
You knew the following spells:

 Your Spells              Type           Power        Failure   Level  Hunger
a - Silence               Hex/Air        ######....   10%         5    None

Your spell library contained the following spells:

 Spells                   Type           Power        Failure   Level  Hunger
 Corona                   Hex            ######.      1%          1    None
 Shock                    Conj/Air       ####         1%          1    None
 Slow                     Hex            ######..     1%          2    None
 Swiftness                Chrm/Air       #####...     1%          2    None
 Static Discharge         Conj/Air       #####...     3%          3    None
 Dazzling Spray           Conj/Hex       #####.       4%          3    None
 Inner Flame              Hex/Fire       #####...     4%          3    None
 Portal Projectile        Hex/Tloc       #####.       4%          3    None
 Summon Guardian Golem    Hex/Summ       #####...     4%          3    None
 Cause Fear               Hex            ######....   4%          4    None
 Animate Skeleton         Necr           N/A          5%          1    None
 Apportation              Tloc           ###...       5%          1    None
 Beastly Appendage        Tmut           ###...       5%          1    None
 Flame Tongue             Conj/Fire      ###..        5%          1    None
 Infusion                 Chrm           ###.         5%          1    None
 Magic Dart               Conj           ###.         5%          1    None
 Pain                     Necr           ###.         5%          1    None
 Sandblast                Erth           ###...       5%          1    None
 Sting                    Conj/Pois      ###.         5%          1    None
 Summon Small Mammal      Summ           ###.         5%          1    None
 Mephitic Cloud           Conj/Pois/Air  #####...     6%          3    None
 Call Imp                 Summ           ###.....     8%          2    None
 Passwall                 Tmut/Erth      ###.....     8%          2    None
 Searing Ray              Conj           ###...       8%          2    None
 Shroud of Golubria       Chrm/Tloc      ###...       8%          2    None
 Song of Slaying          Chrm           ###.....     8%          2    None
 Throw Flame              Conj/Fire      ###...       8%          2    None
 Summon Lightning Spire   Summ/Air       #####...     12%         4    None
 Fulminant Prism          Conj/Hex       #####.....   14%         4    None
 Leda's Liquefaction      Hex/Erth       #####.....   14%         4    None
 Call Canine Familiar     Summ           ###.....     16%         3    None
 Conjure Flame            Conj/Fire      ###.....     16%         3    None
 Gell's Gravitas          Tloc           ###.......   16%         3    None
 Ignite Poison            Fire/Tmut/Pois ###.....     16%         3    None
 Recall                   Summ/Tloc      N/A          16%         3    None
 Regeneration             Chrm/Necr      ###.......   16%         3    None
 Spider Form              Tmut/Pois      ###.......   16%         3    None
 Teleport Other           Tloc           ###.....     16%         3    None
 Vampiric Draining        Necr           ###.......   16%         3    None
 Lightning Bolt           Conj/Air       #####.....   34%         5    None
 Metabolic Englaciation   Hex/Ice        #####.....   36%         5    None
 Summon Mana Viper        Hex/Summ       #####...     36%         5    None
 Yara's Violent Unravell  Hex/Tmut       #####.....   36%         5    None
 Animate Dead             Necr           N/A          45%         4    None
 Force Lance              Conj/Tloc      ###.....     45%         4    None
 Ice Form                 Ice/Tmut       ###.....     45%         4    None
 Iskenderun's Mystic Bla  Conj           ###.....     45%         4    None
 Olgreb's Toxic Radiance  Pois           ###.....     45%         4    None
 Passage of Golubria      Tloc           N/A          45%         4    None
 Sticky Flame             Conj/Fire      ###.....     45%         4    None
 Summon Ice Beast         Ice/Summ       ###.....     45%         4    None
 Darkness                 Hex            ######....   52%         6    ###....
 Invisibility             Hex            ######..     52%         6    ###....
 Aura of Abjuration       Summ           ###.......   82%         5    None
 Bolt of Magma            Conj/Fire/Erth ###.......   82%         5    None
 Borgnjor's Vile Clutch   Necr/Erth      ###.......   82%         5    None
 Excruciating Wounds      Chrm/Necr      ###.......   82%         5    None
 Fireball                 Conj/Fire      ###.......   82%         5    None
 Lee's Rapid Deconstruct  Erth           ###.......   82%         5    None
 Summon Demon             Summ           ###.......   82%         5    None
 Summon Forest            Summ/Tloc      ###.......   82%         5    None
 Venom Bolt               Conj/Pois      ###.......   82%         5    None
 Conjure Ball Lightning   Conj/Air       #####.....   88%         6    ###....
 Deflect Missiles         Chrm/Air       #####.....   88%         6    ###....
 Freezing Cloud           Conj/Ice/Air   #####.....   97%         6    ###....
 Bolt of Cold             Conj/Ice       ###.......   100%        6    ###....
 Bolt of Fire             Conj/Fire      ###.......   100%        6    ###....
 Dispersal                Tloc           ###.......   100%        6    ###....
 Ozocubu's Refrigeration  Ice            ###.......   100%        6    ###....
 Shadow Creatures         Summ           N/A          100%        6    ###....
 Simulacrum               Ice/Necr       ###.......   100%        6    ###....
 Dragon Form              Tmut           ###.......   100%        7    #####..
 Malign Gateway           Summ/Tloc      ###.......   100%        7    #####..
 Ring of Flames           Chrm/Fire      ###.......   100%        7    #####..
 Controlled Blink         Tloc           N/A          100%        8    ######.
 Discord                  Hex            ######....   100%        8    ######.
 Disjunction              Tloc           ###.......   100%        8    ######.
 Ignition                 Fire           ###.......   100%        8    ######.
 Dragon's Call            Summ           ###.......   100%        9    #######
 Shatter                  Erth           ###.......   100%        9    #######
 Tornado                  Air            ######....   100%        9    #######


Dungeon Overview and Level Annotations

Branches:
Dungeon (1/1)

Altars:
Ashenzari
Cheibriados
Dithmenos
Elyvilon
Fedhas
Gozag
Hepliaklqana
Kikubaaqudgha
Makhleb
Nemelex Xobeh
Okawaru
Qazlal
Ru
Sif Muna
Trog
Uskayaw
Vehumet
Wu Jian
Xom
Yredelemnul
Zin
The Shining One
Beogh
Jiyva
Lugonu


Innate Abilities, Weirdness & Mutations

You reflexively headbutt those who attack you in melee.
You have a pair of horns on your head.


Message History

You feel much better.
The pearl dragon breathes cleansing flame at you.
The blast of cleansing flame engulfs you!!
* * * LOW HITPOINT WARNING * * *
You block the pearl dragon's attack.
GONNNNG!
You block the pearl dragon's attack.
PANG!
The cherub hits you with a +2 flail of flaming!
* * * LOW HITPOINT WARNING * * *
The cherub burns you.
* * * LOW HITPOINT WARNING * * *
Your corrosive artefact corrodes you!
You block the cherub's attack.
PTOANNNG!
The pearl dragon breathes cleansing flame at you.
The blast of cleansing flame engulfs you but does no damage.
You block the pearl dragon's attack.
BOUMMMMG!
The pearl dragon claws you!
You die...

▓...............▓.▓▓▓
▓...D§A..AA.....▓..▓.
▓....D..........▓....
▓.....§.........▓....
▓A..{...D.......▓▓▓▓▓
▓.. ▓.A.....▓
▓.A▓▓▓§....▓▓ .
▓.A§▓§......▓...
▓.§§@D..A.Y.....
▓..D§A..©.......
▓▓▓▓▓▓▓▓▓▓▓▓▓▓▓▓


{{{{{{{{{{{ {{{{{{{{{ You could see an apis, 3 daevas, 2 pearl dragons and 2
cherubim.

Vanquished Creatures
  A pandemonium lord (D)
  A pearl dragon (D)
  A lich (D)
  2 quicksilver dragons (D)
  3 deep elf blademasters (D)
  A shadow dragon (D)
  A vault warden (D)
  Donald (D)
  A frost giant (D)
  A deep elf sorcerer (D)
  8 iron dragons (D)
  2 angels (D)
  2 ghouls (D)
  Nessos (D)
  7 stone giants (D)
  5 crystal guardians (D)
  Josephine (D)
  Snorg (D)
  2 deep elf high priests (D)
  Erolcha (D)
  3 naga warriors (D)
  An anaconda (D)
  5 vault guards (D)
  4 two-headed ogres (D)
  2 dancing weapons (D)
  2 hell hogs (D)
  Urug (D)
  An orc high priest (D)
  4 soul eaters (D)
  A deep elf knight (D)
  Sonja (D)
  3 hell knights (D)
  4 iron golems (D)
  2 deep elf archers (D)
  5 deep elf magi (D)
  4 wolf spiders (D)
  An orc sorcerer (D)
  A cyclops (D)
  An ugly thing (D)
  Maurice (D)
  A guardian serpent (D)
  Joseph (D)
  A rust devil (D)
  3 tormentors (D)
  2 gargoyles (D)
  A komodo dragon (D)
  A yaktaur (D)
  An ice devil (D)
  2 demonic crawlers (D)
  2 rime drakes (D)
  A red devil (D)
  2 jumping spiders (D)
  2 trolls (D)
  2 hornets (D)
  Prince Ribbit (D)
  2 redbacks (D)
  A flying skull (D)
  A tarantella (D)
  4 wyverns (D)
  Grum (D)
  2 wraiths (D)
  4 steam dragons (D)
  3 acid dragons (D)
  2 nagas (D)
  3 hell hounds (D)
  Duvessa (D)
  3 porcupines (D)
  2 water moccasins (D)
  2 necrophages (D)
  A swamp drake (D)
  2 phantoms (D)
  Blork the orc (D)
  12 earth elementals (D)
  A bullfrog (D)
  3 wights (D)
  A quasit (D)
  An orc priest (D)
  An iguana (D)
  An orc wizard (D)
  5 adders (D)
  A river rat (D)
  A white imp (D)
  An ufetubus (D)
  A spectral adder (D)
  3 adder zombies (D)
  4 adder skeletons (D)
  2 orcs (D)
  3 spectral bats (D)
  5 bat skeletons (D)
  4 bat zombies (D)
  2 jackals (D)
  2 ball pythons (D)
  A ball python zombie (D)
  2 leopard gecko skeletons (D)
  2 quokka skeletons (D)
  2 spectral giant cockroaches (D)
  A spectral jackal (D)
210 creatures vanquished.

Vanquished Creatures (others)
  A deep elf master archer (D)
  Polyphemus (D)
  A spatial maelstrom (D)
  A ball python (D)
4 creatures vanquished.

Grand Total: 214 creatures vanquished

Notes
Turn   | Place    | Note
-------+----------+-------------------------------------------
     0 | D        | Found the +6 Majin-Bo {vamp, Archmagi MP+6 Int+6}
     0 | D        | Found the +7 great mace "Firestarter" {inner flame, rF++}
     0 | D        | wilfster70 the Minotaur Fighter began the quest for the
                  | Orb.
     0 | D        | Reached XP level 1. HP: 19/19 MP: 0/0
     5 | D        | Banished a spatial maelstrom
    17 | D        | Banished a spatial maelstrom
    21 | D        | Found a blossoming altar of Fedhas.
    22 | D        | Found a hazy altar of Hepliaklqana.
    22 | D        | Found an opulent altar of Gozag.
    22 | D        | Found a viscous altar of Jiyva.
    22 | D        | Found a transporter.
    22 | D        | Found an ancient bone altar of Kikubaaqudgha.
    25 | D        | Became a worshipper of Cheibriados the Contemplative
    34 | D        | Found a corrupted altar of Lugonu.
    36 | D        | Found a burning altar of Makhleb.
    37 | D        | Found an iron altar of Okawaru.
    37 | D        | Found a sparkling altar of Nemelex Xobeh.
    37 | D        | Found a stormy altar of Qazlal.
    37 | D        | Found a sacrificial altar of Ru.
    37 | D        | Found a deep blue altar of Sif Muna.
    41 | D        | Found the +9 heavy crossbow "Sniper" {velocity, Acc+∞ SInv}
    41 | D        | Found the +10 dark maul {crush}
    41 | D        | Found the +15 Maxwell's patent armour {-Cast -Tele rElec
                  | MR+ rCorr}
    41 | D        | Found the +18 shield of the Gong {rElec rN+ MR+ EV-5}
    41 | D        | Found the cursed +14 obsidian axe {chop, +Fly SInv *Curse}
    42 | D        | Found the +6 shillelagh "Devastator" {shatter}
    42 | D        | Found the +11 plutonium sword {*Contam Stlth-}
    42 | D        | Found the +8 lance "Wyrmbane" {slay drac, rPois rF+ rC+
                  | AC+3}
    42 | D        | Found the +9 sword of Zonguldrok {reap}
    42 | D        | Found the cursed +13 scythe of Curses {drain, *Curse}
    42 | D        | Found the +0 sword of Power
    42 | D        | Found the +7 mace of Variability {chain chaos}
    42 | D        | Found the +7 Singing Sword {slice, sonic wave}
    42 | D        | Found the +8 storm bow {elec, penet}
    54 | D        | Found a bloodstained altar of Trog.
    84 | D        | Entered arena 2.
    84 | D        | Noticed a water moccasin
    84 | D        | Found a transporter.
    91 | D        | Reached skill level 4 in Fighting
    91 | D        | Reached skill level 1 in Dodging
    91 | D        | Reached skill level 1 in Invocations
    91 | D        | Reached XP level 2. HP: 27/27 MP: 0/2
    96 | D        | Killed a water moccasin
    96 | D        | Reached * piety under Cheibriados
    96 | D        | Reached skill level 5 in Fighting
    96 | D        | Reached skill level 5 in Armour
    96 | D        | Reached skill level 5 in Shields
    96 | D        | Reached XP level 3. HP: 29/37 MP: 0/4
    96 | D        | Reached XP level 4. HP: 35/44 MP: 0/5
   161 | D        | Entered arena 3.
   161 | D        | Found a transporter.
   164 | D        | Reached ** piety under Cheibriados
   164 | D        | Reached skill level 5 in Polearms
   179 | D        | Entered arena 4.
   179 | D        | Found a transporter.
   183 | D        | Reached *** piety under Cheibriados
   183 | D        | Reached skill level 6 in Fighting
   183 | D        | Reached XP level 5. HP: 50/50 MP: 6/6
   197 | D        | Entered arena 5.
   197 | D        | Noticed a porcupine
   197 | D        | Noticed a porcupine
   197 | D        | Found a transporter.
   198 | D        | Found the +3 sling "Punk" {acid, rCorr}
   198 | D        | Found the +8 arc blade {discharge, rElec}
   200 | D        | Reached **** piety under Cheibriados
   201 | D        | Killed a porcupine
   201 | D        | Reached skill level 7 in Fighting
   201 | D        | Reached skill level 5 in Dodging
   201 | D        | Reached XP level 6. HP: 60/60 MP: 8/8
   202 | D        | Killed a porcupine
   202 | D        | Reached skill level 5 in Invocations
   204 | D        | Reached ***** piety under Cheibriados
   215 | D        | Entered arena 6.
   215 | D        | Noticed Hanuvviw the pandemonium lord
   215 | D        | Noticed an ice devil
   215 | D        | Found a transporter.
   230 | D        | Killed an ice devil
   230 | D        | Reached skill level 8 in Fighting
   230 | D        | Reached XP level 7. HP: 51/69 MP: 4/10
   246 | D        | Killed Hanuvviw the pandemonium lord
   246 | D        | Reached skill level 11 in Fighting
   246 | D        | Reached skill level 10 in Dodging
   246 | D        | Reached XP level 8. HP: 28/83 MP: 1/14
   246 | D        | Reached XP level 9. HP: 31/90 MP: 1/15
   246 | D        | Reached XP level 10. HP: 33/97 MP: 1/16
   487 | D        | Entered arena 7.
   488 | D        | Found the +2 pair of boots of the Assassin {Detection Stab+
                  | Stlth++}
   490 | D        | Found a transporter.
   498 | D        | Reached ****** piety under Cheibriados
   498 | D        | Reached skill level 12 in Fighting
   517 | D        | Entered arena 8.
   518 | D        | Reached skill level 1 in Evocations
   519 | D        | Reached skill level 1 in Spellcasting
   520 | D        | Found a transporter.
   568 | D        | Entered arena 9.
   569 | D        | Found the +2 cloak of the Thief {+Fog Slay-2 SInv Stlth+}
   569 | D        | Found the +10 morningstar "Eos" {elec, Halo rElec}
   569 | D        | Found a transporter.
   635 | D        | Entered arena 10.
   636 | D        | Found the macabre finger necklace {rN+}
   644 | D        | Found a transporter.
   650 | D        | Reached skill level 13 in Fighting
   669 | D        | Entered arena 11.
   669 | D        | Noticed a vault warden
   669 | D        | Noticed a vault guard
   669 | D        | Noticed a frost giant
   669 | D        | Noticed a vault guard
   669 | D        | Noticed a vault guard
   669 | D        | Noticed a vault guard
   669 | D        | Noticed a cyan ugly thing
   669 | D        | Noticed a vault guard
   672 | D        | Killed a cyan ugly thing
   673 | D        | Found a transporter.
   677 | D        | Killed a vault guard
   677 | D        | Reached XP level 11. HP: 107/107 MP: 2/17
   678 | D        | Killed a vault guard
   678 | D        | Reached skill level 5 in Evocations
   679 | D        | Killed a vault guard
   681 | D        | Killed a vault guard
   681 | D        | Reached skill level 14 in Fighting
   682 | D        | Killed a vault guard
   689 | D        | Killed a frost giant
   689 | D        | Reached skill level 5 in Spellcasting
   692 | D        | Killed a vault warden
   692 | D        | Reached skill level 15 in Armour
   836 | D        | Entered arena 12.
   836 | D        | Noticed an iron golem
   836 | D        | Noticed an iron dragon
   836 | D        | Noticed a crystal guardian
   837 | D        | Noticed a quicksilver dragon
   838 | D        | Found the +5 scythe "Finisher" {speed, eviscerate}
   839 | D        | Reached skill level 15 in Fighting
   840 | D        | Killed a quicksilver dragon
   840 | D        | Reached XP level 12. HP: 66/121 MP: 8/20
   843 | D        | Killed a crystal guardian
   869 | D        | HP: 5/122 [iron dragon/spray of metal splinters (28)]
   872 | D        | Killed an iron dragon
   883 | D        | Found a transporter.
  1171 | D        | Reached XP level 13. HP: 128/128 MP: 21/23
  1175 | D        | Entered arena 13.
  1175 | D        | Noticed a stone giant
  1175 | D        | Noticed a stone giant
  1175 | D        | Noticed a stone giant
  1177 | D        | Noticed a stone giant
  1178 | D        | Reached skill level 16 in Fighting
  1180 | D        | Reached skill level 15 in Dodging
  1181 | D        | Killed a stone giant
  1182 | D        | Found a transporter.
  1184 | D        | Killed a stone giant
  1184 | D        | Reached skill level 10 in Evocations
  1186 | D        | Killed a stone giant
  1193 | D        | Killed a stone giant
  1193 | D        | Reached skill level 17 in Fighting
  1290 | D        | Got the amulet "Enalateck" {Gourm Str+4}
  1296 | D        | Got the ring of Zeniw {rC- Str+6 Int+3 Slay+2}
  1312 | D        | Entered arena 14.
  1313 | D        | Noticed a lich
  1314 | D        | Found the +7 pair of quick blades "Gyre" and "Gimble"
                  | {protect}
  1315 | D        | Killed a lich
  1317 | D        | Found a transporter.
  1334 | D        | Got the amulet "Fyacvas" {Spirit rPois rN+}
  1341 | D        | Got the Papyrus of Poisonous Dislocation
  1356 | D        | Entered arena 15.
  1358 | D        | Found the +4 dagger "Morg" {pain, MR+ Int+5}
  1359 | D        | Reached skill level 18 in Fighting
  1360 | D        | Reached XP level 14. HP: 143/143 MP: 20/26
  1361 | D        | Found a transporter.
  1367 | D        | Got the Collected Works on Gliding Earth
  1369 | D        | Got the amulet "Yrudghigu" {Reflect *Corrode Str+5 SH+5
                  | SInv}
  1376 | D        | Got the amulet of the Good {Acrobat rC++ Str-2}
  1401 | D        | Entered arena 16.
  1404 | D        | Reached skill level 10 in Spellcasting
  1407 | D        | Found a transporter.
  1413 | D        | Got the cursed ring "Lepsy" {+Blink +Fly EV-3 Dex-3 Stlth+}
  1426 | D        | Got the ring of Bodily Harmony {rPois rF+ MR++}
  1676 | D        | Entered arena 17.
  1702 | D        | Reached skill level 19 in Fighting
  1707 | D        | Found a transporter.
  1750 | D        | Got the Reference Book on Assistive Ice
  1753 | D        | Got Ruepn's Reference Book on Quantum Venom
  1759 | D        | Entered arena 18.
  1762 | D        | Noticed Josephine
  1762 | D        | Noticed Sonja
  1762 | D        | Noticed Urug
  1762 | D        | Noticed Duvessa
  1762 | D        | Noticed Nessos
  1762 | D        | Noticed Snorg
  1762 | D        | Noticed Prince Ribbit
  1762 | D        | Noticed Joseph
  1762 | D        | Noticed Donald
  1762 | D        | Identified the cursed +1 trident "Zikepa" {flame, Fragile
                  | rF+++ rN+++ Str-5}
  1762 | D        | Noticed Maurice
  1762 | D        | Noticed Grum
  1762 | D        | Noticed Erolcha
  1762 | D        | Noticed Polyphemus
  1763 | D        | Killed Prince Ribbit
  1763 | D        | Killed Sonja
  1763 | D        | Identified the amulet of Migij {Regen+ Dex+4 SInv Stlth+}
  1763 | D        | Noticed Blork the orc
  1764 | D        | Killed Duvessa
  1764 | D        | Killed Nessos
  1764 | D        | Killed Erolcha
  1765 | D        | Killed Grum
  1765 | D        | Killed Maurice
  1765 | D        | Killed Blork the orc
  1765 | D        | Killed Joseph
  1766 | D        | Killed Josephine
  1766 | D        | Killed Urug
  1767 | D        | Killed Snorg
  1767 | D        | Killed Donald
  1767 | D        | Killed Polyphemus
  1769 | D        | Found a transporter.
  1872 | D        | Entered arena 19.
  1875 | D        | Noticed a deep elf blademaster
  1875 | D        | Noticed a deep elf blademaster
  1875 | D        | Noticed a deep elf blademaster
  1875 | D        | Noticed a deep elf sorcerer
  1875 | D        | Noticed a deep elf master archer
  1875 | D        | Identified the +6 mace "Mawoerah" {crush, Fragile rF+++
                  | Int+2 Stlth-}
  1875 | D        | Identified the +3 leather armour of the First Snow {rPois
                  | MP+9 Str+7 Int-4}
  1877 | D        | Reached skill level 20 in Fighting
  1877 | D        | Killed a deep elf master archer
  1877 | D        | Reached skill level 15 in Shields
  1878 | D        | Killed a deep elf blademaster
  1878 | D        | Killed a deep elf blademaster
  1878 | D        | Killed a deep elf blademaster
  1878 | D        | Reached skill level 21 in Fighting
  1878 | D        | Killed a deep elf sorcerer
  1878 | D        | Reached XP level 15. HP: 134/158 MP: 18/30
  1881 | D        | Found a transporter.
  1901 | D        | Got the Catalogue of Entrancing Boosts
  1906 | D        | Got Sif Muna's Almanac of Heat and the Birds
  1918 | D        | Got Exont's Tome of the Volcanoes
  1922 | D        | Got the +2 hat of the Bruised Curses {+Inv rElec rC+
                  | Stlth-}
  2091 | D        | Entered arena 20.
  2096 | D        | Noticed a shadow dragon
  2103 | D        | Killed a shadow dragon
  2104 | D        | Reached skill level 22 in Fighting
  2122 | D        | Found a transporter.
  2138 | D        | Got the +17 plate armour of Eternity {rElec rPois Int+3}
  2159 | D        | Got the Incunabulum of Shape Shifting and Attacks
  2169 | D        | Got the ring of Trepidation {+Fly Dex+2}
  2203 | D        | Learned a level 5 spell: Silence
  2205 | D        | Entered arena 21.
  2209 | D        | Noticed an iron dragon
  2209 | D        | Noticed an iron dragon
  2210 | D        | Noticed an iron dragon
  2210 | D        | Noticed a quicksilver dragon
  2210 | D        | Noticed an iron dragon
  2210 | D        | Noticed an iron dragon
  2211 | D        | Noticed an iron dragon
  2213 | D        | Killed a quicksilver dragon
  2213 | D        | Reached skill level 1 in Hexes
  2213 | D        | Reached skill level 1 in Air Magic
  2213 | D        | Noticed an iron dragon
  2214 | D        | Reached skill level 23 in Fighting
  2223 | D        | Killed an iron dragon
  2235 | D        | Killed an iron dragon
  2244 | D        | Killed an iron dragon
  2244 | D        | Reached skill level 24 in Fighting
  2249 | D        | Killed an iron dragon
  2251 | D        | Reached skill level 5 in Air Magic
  2282 | D        | Killed an iron dragon
  2285 | D        | Killed an iron dragon
  2285 | D        | Reached skill level 5 in Hexes
  2302 | D        | Killed an iron dragon
  2329 | D        | Found a transporter.
  2346 | D        | Got the ring of Hetas {rElec rF+ rC- MR+++ Dex+3}
  2588 | D        | Entered arena 22.
  2592 | D        | Noticed a daeva
  2592 | D        | Noticed a daeva
  2592 | D        | Noticed a pearl dragon
  2592 | D        | Noticed a pearl dragon
  2592 | D        | Noticed a daeva
  2592 | D        | Noticed a daeva
  2592 | D        | Noticed a daeva
  2593 | D        | Identified the ring of Gughu Cause {rN+ Str+5 SInv Stlth+}
  2593 | D        | Noticed a pearl dragon
  2594 | D        | Noticed a daeva
  2596 | D        | Noticed a daeva
  2599 | D        | Noticed a pearl dragon
  2601 | D        | Reached skill level 25 in Fighting
  2602 | D        | Killed a pearl dragon
  2605 | D        | Noticed a pearl dragon
  2606 | D        | Identified the +7 long sword of the Spider Nest {antimagic,
                  | rF+}
  2607 | D        | Identified the ring of Zenom {Fire rPois Str+2 Stlth+}
  2607 | D        | Noticed a daeva
  2608 | D        | HP: 5/170 [cherub/+2 flail of flaming (13)]
  2608 | D        | Mangled by a pearl dragon

Levels and vault maps discovered:
D:        sprint_v [room_start, room_1, room_2, room_3, room_4, room_5, room_6,
          room_7, room_8, room_9, room_10, room_11, room_12, room_13, room_14,
          room_15, room_16, room_17, room_18, room_19, room_20, room_21,
          room_22, room_23, room_24, room_25, room_26, room_27]

Skill      XL: |  1  2  3  4  5  6  7  8  9 10 11 12 13 14 15 |
---------------+----------------------------------------------+-----
Fighting       | 4 5 6 7 8 11 13 15 18 21 25 | 25.4
Polearms       | 3 4 5 6 8 11 12 | 12.1
Armour         | 4 5 6 7 8 11 13 15 16 18 20 | 20.0
Dodging        | 1 3 4 5 7 10 12 14 16 19 20 | 20.0
Shields        | 4 5 6 7 8 11 12 15 | 15.0
Invocations    | 1 3 4 6 9 |  9.6
Evocations     | 4 8 10 | 10.0
Spellcasting   | 3 6 7 9 12 14 | 14.6
Hexes          | 6 |  6.2
Air Magic      | 6 |  6.8

Action                   |  1- 3 |  4- 6 |  7- 9 | 10-12 | 13-15 || total
-------------------------+-------+-------+-------+-------+-------++-------
Melee: Lance             |    11 |    31 |    14 |    72 |   167 ||   295
       Headbutt          |       |    13 |     7 |    38 |    78 ||   136
Invok: Slouch            |       |     1 |       |    14 |    38 ||    53
       Step From Time    |       |       |       |       |     2 ||     2
  Use: Potion            |       |       |     2 |     5 |     4 ||    11
  Eat: Chunk             |       |       |       |     1 |     8 ||     9
       Ration            |       |       |       |       |     1 ||     1
Armor: Gold dragon scale |     4 |    12 |     2 |    18 |    26 ||    62
       Plate armour      |       |       |       |       |    38 ||    38
Dodge: Dodged            |       |     2 |     1 |    12 |    98 ||   113
Block: Shield            |    19 |    55 |     8 |    69 |   326 ||   477
       Reflection        |       |       |       |       |    19 ||    19

Table legend:
 A = Non-vault XP
 B = Vault XP
 C = Vault XP percentage of total XP
 D = Non-vault monster count
 E = Vault monster count
 F = Vault count percentage of total count
                 A         B        C        D         E       F
            +---------+---------+-------+---------+---------+-------
      Total |       0 |  131518 | 100.0 |       0 |     212 | 100.0
            +---------+---------+-------+---------+---------+-------
          D |       0 |  131518 | 100.0 |       0 |     212 | 100.0
            +---------+---------+-------+---------+---------+-------
